 Dungeon Crawl Stone Soup version 0.27-a0-1334-g2746e35aca (webtiles) character file.

Game seed: 4102225850871540920

1068 Delamore the Covert (level 8, -2/55 HPs)
             Began as an Octopode Brigand on June 26, 2021.
             Slain by Dowan (8 damage)
             ... on level 5 of the Dungeon.
             The game lasted 00:04:39 (5253 turns).

Delamore the Covert (Octopode Brigand)              Turns: 5253, Time: 00:04:40

Health: -2/55      AC:  1    Str: 10    XL:     8   Next: 28%
Magic:  8/8        EV: 12    Int: 14    God:
Gold:   236        SH:  0    Dex: 15    Spells: 7/7 levels left

rFire    . . .     SeeInvis .   r - +0 dagger (venom)
rCold    . . .     Faith    .   (no shield)
rNeg     . . .     Spirit   .   (helmet restricted)
rPois    .         Reflect  .   (no amulet)
rElec    .         Harm     .   i - ring of wizardry
rCorr    .         Rampage  .   x - ring of willpower
Will     +....                  (no ring)
Stlth    +++++.....             (no ring)
HPRegen  0.18/turn              (no ring)
MPRegen  0.11/turn              (no ring)
                                (no ring)
                                (no ring)

@: no status effects
A: almost no armour, amphibious, 8 rings, camouflage 1, gelatinous body 1,
(nimble swimmer 1), tentacles
a: no special abilities


You were on level 5 of the Dungeon.
You visited 1 branch of the dungeon, and saw 6 of its levels.

You collected 262 gold pieces.
You spent 26 gold pieces at shops.

Inventory:

Hand Weapons
 a - a +2 dagger
 r - a +0 dagger of venom (weapon)
Missiles
 b - 19 poisoned darts (quivered)
Jewellery
 h - a ring of ice
 i - a ring of wizardry (left tentacle)
 x - a ring of willpower (right tentacle)
Wands
 l - a wand of acid (6)
 p - a wand of digging (4)
 v - a wand of polymorph (8)
Scrolls
 g - 4 scrolls of teleportation
 k - a scroll of summoning
 m - a scroll of brand weapon {unknown}
 o - 3 scrolls of immolation {unknown}
 s - 2 scrolls of identify
 t - a scroll of amnesia {unknown}
Potions
 d - a potion of might
 e - a potion of degeneration
 f - a potion of curing
 j - 3 potions of lignification
 n - a potion of cancellation
 q - 2 potions of flight {unknown}
 u - a potion of resistance {unknown}
 w - a potion of haste {unknown}


   Skills:
 - Level 5.0 Fighting
 * Level 7.0 Short Blades
 - Level 2.0 Throwing
 - Level 1.0 Dodging
 + Level 8.6 Stealth


You had 7 spell levels left.
You didn't know any spells.
Your spell library contained the following spells:

 Spells                   Type           Power      Damage    Failure   Level
 Animate Skeleton         Necr           0%         N/A       12%         1
 Apportation              Tloc           0%         N/A       12%         1
 Corona                   Hex            0%         N/A       12%         1
 Summon Small Mammal      Summ           0%         N/A       12%         1


Dungeon Overview and Level Annotations

Branches:
Dungeon (6/15)
 Temple: D:4-7

Altars:
Ashenzari
Dithmenos

Shops:
D:2 *

Annotations:
D:5 3 runed translucent doors, Bapho's ghost, novice FoFi; Dowan


Innate Abilities, Weirdness & Mutations

You cannot wear most types of armour.
You are amphibious.
You can wear up to eight rings at the same time.
Your skin changes colour to match your surroundings (Stealth+).
Your rubbery body absorbs attacks. (AC +1, EV +1)
((You are camouflaged near water. (Stealth+)))
You have tentacles for arms and can constrict up to eight enemies at once.


Message History

Dowan casts a spell at you. The puff of flame hits you!
Throw: 20 darts (poison)
Press: ? - help, Q - select action, (/) - cycle Shift-Dir - straight line, f/p - Duvessa
Aim: Duvessa, wielding a +0 short sword and wearing a +0 chain mail (heavily wounded, constricted by you, extremely poisoned, slow, 93% to hit)
You throw a poisoned dart. The poisoned dart hits Duvessa.
Duvessa looks as sick as possible!
Duvessa is heavily wounded.
The black bear growls angrily.
You constrict Duvessa, but do no damage.
You hit Duvessa but do no damage.
Duvessa looks as sick as possible!
You squeeze Duvessa, but do no damage.
Duvessa is heavily wounded.
You constrict Duvessa. Duvessa hits you with a +0 short sword!
* * * LOW HITPOINT WARNING * * *
You release your grip on Duvessa.
Dowan hits you with a +0 dagger.
* * * LOW HITPOINT WARNING * * *
You climb upwards.
Level annotation: 3 runed translucent doors, Bapho's ghost, novice FoFi
There is a stone staircase leading down here.
Aiming: Corrosive Bolt
Press: ? - help, Shift-Dir - straight line, f - Duvessa
Aim: Duvessa, wielding a +0 short sword and wearing a +0 chain mail (severely wounded, extremely poisoned, slow, 83% to hit)
The bolt of acid hits Duvessa!
Duvessa is splashed with acid.
Duvessa is almost dead.
You kill Duvessa!
Dowan's eyes darken. "You have made a black mistake."
Dowan seems to find hidden reserves of power!
Dowan hits you with a +0 dagger.
* * * LOW HITPOINT WARNING * * *
Training target 5.0 for Fighting reached!
Your Fighting skill increases to level 5!
Your Short Blades skill increases to level 7!
Okay, then.
You feel better.
Dowan says, "Magic will overcome all!"
Dowan hits you with a +0 dagger!
* * * LOW HITPOINT WARNING * * *
Dowan hits you with a +0 dagger!
You die...

.#.###.###.###.###...+...#!...#.#
...........# #.# #...+...#(.Z.W.#
..#........# #.###...+...##.....#
....#####..# #.......#..?.#.....#
.#.######..# #.####..#W...##.....
.#.#.......# #.# #..##....###...
.....##.#.## #.# #...##...?....#
.#.....###.###.####.#(.###..... #
.#....(.#...##.e@).......##### ##
.#.#####..#.##.####.#........###.
..........#.##...................
.....###.##...#####.#.###########
....................#.# #
..(..###.####<#######.# # .....#
#.# #)# #.########### ###.####.##
#.# #............ #.......# #.#
#############


You could see Dowan (fast).

Vanquished Creatures
  Duvessa (D:5)
  2 ice beasts
  2 ogres (D:5)
  2 phantoms
  A bullfrog (D:6)
  A scorpion (D:6)
  A water moccasin zombie (D:5)
  2 water moccasin skeletons (D:4)
  An orc priest (D:4)
  2 iguanas (D:5)
  An orc wizard (D:4)
  3 adders
  2 dart slugs
  6 orcs
  5 ball pythons
  5 bats
  3 endoplasms
  8 giant cockroaches
  2 goblins
  2 hobgoblins
  5 kobolds
  4 frilled lizards
  9 rats
70 creatures vanquished.

Vanquished Creatures (others)
  18 plants
18 creatures vanquished.

Grand Total: 88 creatures vanquished

Notes
Turn   | Place    | Note
-------+----------+-------------------------------------------
     0 | D:1      | Delamore the Octopode Brigand began the quest for the Orb.
     0 | D:1      | Reached XP level 1. HP: 14/14 MP: 1/1
   207 | D:1      | Reached XP level 2. HP: 19/19 MP: 2/2
   606 | D:2      | You fall into a shaft and drop 1 floor!
   842 | D:2      | Found Yfrufeew's General Store.
   846 | D:2      | Bought a scroll of identify for 26 gold pieces
   924 | D:2      | Reached XP level 3. HP: 24/25 MP: 3/3
  2066 | D:3      | Reached XP level 4. HP: 30/30 MP: 4/4
  2158 | D:3      | Reached skill level 6 in Stealth
  2290 | D:4      | Found a shadowy altar of Dithmenos.
  2290 | D:4      | Noticed an ice beast
  2298 | D:4      | Killed an ice beast
  2299 | D:4      | Reached XP level 5. HP: 22/36 MP: 5/5
  2503 | D:4      | Reached XP level 6. HP: 21/42 MP: 6/6
  2682 | D:4      | Reached skill level 7 in Stealth
  2815 | D:4      | Reached skill level 5 in Short Blades
  3685 | D:5      | Entered Level 5 of the Dungeon
  3730 | D:5      | Reached XP level 7. HP: 48/48 MP: 7/7
  3764 | D:5      | Found a runed translucent gate.
  3764 | D:5      | Found a runed translucent gate.
  3764 | D:5      | Found a runed translucent gate.
  3892 | D:5      | Reached skill level 8 in Stealth
  4442 | D:5      | Found a broken altar of Ashenzari.
  4702 | D:5      | Reached XP level 8. HP: 18/54 MP: 8/8
  4918 | D:5      | Noticed Bapho's ghost (novice FoFi)
  5234 | D:6      | Noticed Duvessa
  5234 | D:6      | Noticed Dowan
  5252 | D:5      | Killed Duvessa
  5253 | D:5      | Reached skill level 5 in Fighting
  5253 | D:5      | Slain by Dowan

Illustrated notes

Levels and vault maps discovered:
D:1:      onia_arrival_mini_maze_b, layout_basic
D:2:      layout_loops_corners, serial_shops, shop,
          chequers_serial_rivers_room_b
D:3:      layout_rooms, serial_bayou, serial_bayou_shore_a,
          serial_bayou_lagoon_a, serial_bayou_ford_a, serial_bayou_pond_e,
          minmay_misc_feat_columns
D:4:      layout_basic, nicolae_dithmenos_the_darkroom, st_stairs_13
D:5:      layout_loops_ring, lemuel_doored_altar, gammafunk_ghost_icy,
          serial_bayou_pond_a
D:6:      layout_basic, minmay_temple_entry_slanted, serial_shops,
          nicolae_stop_n_shop_2, gup_sewer_entry_bubbles, uniq_blork_the_orc,
          uniq_menkaure, uniq_maggie, uniq_duvessa

Skill      XL: |  1  2  3  4  5  6  7  8 |
---------------+-------------------------+-----
Short Blades   | 3 4 5 6 7 |  7.0
Stealth        | 6 7 8 |  8.6
Fighting       | 3 4 5 |  5.0
Throwing       | |  2.0
Dodging        | |  1.0

Action                   |  1- 3 |  4- 6 |  7- 9 || total
-------------------------+-------+-------+-------++-------
Melee: Dagger            |    61 |    47 |    55 ||   163
       Tentacles         |     7 |    10 |    15 ||    32
       Constrict         |    10 |     7 |     7 ||    24
Throw: Dart              |     4 |     5 |     7 ||    16
Evoke: Wand              |       |     3 |     2 ||     5
  Use: Scroll            |     5 |     2 |       ||     7
       Potion            |       |     1 |     1 ||     2
 Stab: Sleeping          |    10 |     8 |     2 ||    20
       Distracted        |     1 |     1 |       ||     2
Armor: Skin              |     4 |     1 |     1 ||     6
Dodge: Dodged            |    22 |    19 |    18 ||    59

Table legend: (Time is in decaauts)
 A = Elapsed time spent in this place.
 B = Non-inter-level travel time spent in this place.
 C = Inter-level travel time spent in this place.
 D = Time resting spent in this place.
 E = Time spent auto-exploring this place.
 F = Levels seen in this place.
 G = Mean time per level.
                   A        B        C        D        E       F      G
               +--------+--------+--------+--------+--------+-----+--------+
         Total |   5216 |   5054 |    162 |   1066 |   3461 |   6 |  869.3 |
       Dungeon |   5216 |   5054 |    162 |   1066 |   3461 |   6 |  869.3 |
               +--------+--------+--------+--------+--------+-----+--------+

Top non-repeatable levels by time:
     D:5: 1516 daAuts
     D:4: 1431 daAuts
     D:2: 1099 daAuts
     D:1: 597 daAuts
     D:3: 538 daAuts
     D:6: 34 daAuts
